 Dungeon Crawl Stone Soup version 0.30-a0-347-gf58ed5266c (webtiles) character file.

Game seed: 7131067997051679710

12057 p00ps00p the Cleaver (level 11, -12/95 (104) HPs)
             Began as a Hill Orc Fighter on Nov 6, 2022.
             Was an Initiate of Gozag.
             Killed from afar by Josephine (32 damage)
             ... with a ghostly fireball
             ... on level 11 of the Dungeon.
             The game lasted 00:28:32 (15458 turns).

p00ps00p the Cleaver (Hill Orc Fighter)            Turns: 15458, Time: 00:28:32

HP:   -12/95 (104)  AC: 17    Str: 30    XL:     11   Next: 87%
MP:   11/11         EV: 10    Int: 14    God:    Gozag
Gold: 1147          SH:  6    Dex: 10    Spells: 10/10 levels left

rFire   . . .      SeeInvis .    a - +6 war axe (spect)
rCold   . . .      Faith    .    c - +0 buckler
rNeg    . . .      Spirit   .    w - +2 leather armour {rPois}
rPois   +          Reflect  .    e - +0 helmet
rElec   .          Harm     .    L - +2 cloak {Stlth+}
rCorr   .          Rampage  .    J - +2 pair of gloves
Will    .....                    N - +1 pair of boots
Stlth   ++........               (no amulet)
HPRegen 0.35/turn                H - +6 ring of strength
MPRegen 0.12/turn                p - +6 ring of intelligence

@: drained
A: no striking features
a: Renounce Religion, Convert to Beogh, Potion Petition, Call Merchant, Bribe
Branch


You were on level 11 of the Dungeon.
You worshipped Gozag.
Gozag was most pleased with you.
You visited 2 branches of the dungeon, and saw 12 of its levels.
You also visited: Sewer.

You collected 2667 gold pieces.
You spent 1437 gold pieces at shops.
You paid 83 gold pieces to Gozag.

Inventory:

Hand Weapons
 a - a +6 spectral war axe (weapon)
Missiles
 b - 4 throwing nets
 n - 78 poisoned darts (quivered)
Armour
 c - a +0 buckler (worn)
 e - a +0 helmet (worn)
 w - a +2 leather armour of poison resistance (worn)
 J - a +2 pair of gloves (worn)
 L - a +2 cloak of stealth (worn)
 N - a +1 pair of boots (worn)
Jewellery
 p - a +6 ring of intelligence (right hand)
 v - a ring of flight
 H - a +6 ring of strength (left hand)
Wands
 t - a wand of roots (5)
 E - a wand of flame (23)
 G - a wand of polymorph (8)
Scrolls
 f - 3 scrolls of immolation
 l - a scroll of torment
 q - a scroll of silence
 r - a scroll of brand weapon
 s - a scroll of vulnerability
 x - 2 scrolls of amnesia
 D - a scroll of poison
 F - a scroll of magic mapping
 I - 2 scrolls of teleportation
Potions
 d - 2 potions of heal wounds
 g - 2 potions of might
 h - a potion of resistance
 i - 8 potions of curing
 j - 3 potions of mutation {unknown}
 k - a potion of cancellation
 m - a potion of magic
 o - 2 potions of haste
 u - a potion of berserk rage
 z - 2 potions of brilliance
 A - 2 potions of invisibility
 B - 2 potions of flight
 C - 4 potions of degeneration
 K - a potion of lignification {unknown}
 M - a potion of attraction {unknown}


   Skills:
 + Level 11.7 Fighting
 + Level 12.4 Axes
 + Level 10.8 Armour
 + Level 10.8 Shields


You had 10 spell levels left.
You didn't know any spells.
Your spell library contained the following spells:

 Spells                   Type           Power      Damage    Failure   Level
 Apportation              Tloc           0%         N/A       36%         1
 Kiss of Death            Conj/Necr      0%         2d5       36%         1
 Confusing Touch          Hex            0%         N/A       75%         3
 Summon Guardian Golem    Hex/Summ       0%         N/A       75%         3
 Dispel Undead            Necr           0%         3d6       98%         4
 Leda's Liquefaction      Hex/Erth       0%         N/A       98%         4
 Alistair's Intoxication  Tmut/Pois      0%         N/A       100%        5
 Lee's Rapid Deconstruct  Erth           0%         3d4*      100%        5
 Statue Form              Tmut/Erth      0%         N/A       100%        6
 Orb of Destruction       Conj           0%         9d5       100%        7
 Spellforged Servitor     Conj/Summ      0%         N/A       100%        7


Dungeon Overview and Level Annotations

Branches:
Dungeon (11/15)            Temple (1/1) D:4            Lair (0/5) D:10
    Orc (0/2) D:9           Sewer (visited)

Altars:
Ashenzari
Cheibriados
Dithmenos
Elyvilon
Fedhas
Gozag
Hepliaklqana
Kikubaaqudgha
Makhleb
Nemelex Xobeh
Okawaru
Qazlal
Ru
Sif Muna
Trog
Uskayaw
Vehumet
Wu Jian
Xom
Yredelemnul
Zin
The Shining One

Shops:
D:1 *   D:2 ([=!?   D:3 :   D:6 [:   D:8 *   D:10 *

Annotations:
D:11 Josephine


Message History

Beogh smites you!
The orc priest mumbles some strange prayers to Beogh against you.
Beogh smites you! Josephine hits you but does no damage.
The orc priest shouts, "Join the one true god or die!"
The orc priest shouts, "Beogh is our master!
Accept the truth or die!"
You slice Josephine!!
Josephine is heavily wounded.
The wraith is no longer distracted by gold.
Josephine hits you but does no damage.
The orc priest looks encouraged for a moment.
Josephine hits you but does no damage.
You barely miss Josephine.
Josephine is heavily wounded.
You block Josephine's attack.
Unknown command.
You slash Josephine!
Josephine is severely wounded.
Josephine hits you but does no damage.
Josephine says, "I'll make a rug of your skin."
Josephine hits you with a +1 dagger of speed.
The orc priest shouts, "Beogh is our master!
Accept the truth or die!"
You hit Josephine but do no damage.
Josephine is severely wounded.
Josephine points at you and mumbles some strange words.
The ghostly flame explodes!
The ghostly fireball engulfs you!!
You feel drained.
* * * LOW HITPOINT WARNING * * *
The ghostly fireball engulfs Josephine.
Josephine completely resists.
The orc priest shouts, "Beogh is our master!
Accept the truth or die!" x2
The orc priest looks encouraged for a moment.
Josephine gestures at you while chanting.
The ghostly flame explodes!
The ghostly fireball engulfs you but does no damage.
The orc priest shouts, "Surrender to Beogh and we'll let you live!"
There is a stone staircase leading up here.
Josephine casts a spell at you.
The ghostly flame explodes!
The ghostly fireball engulfs you!!
You feel drained.
You die...
Your body crumbles into a pile of gold.

#.... ## ##.## ##.## #.#
##...###.#
########.....##.# .####
#... ........#.#
....oW###.######.....##.#
#oo{@$..........>..#.##
....oh###@#.###..........[
.#.## #.#.............##
#.#####.#...##### #..
#.#...# ### #.##### #.#
#.# #.# #.#


You could see Josephine, a wraith, 2 orc priests and an orc.

Vanquished Creatures
  A two-headed ogre (D:11)
  A cyclops (D:11)
  A gargoyle (D:10)
  A kobold demonologist (D:9)
  A komodo dragon (D:10)
  3 trolls (D:10)
  A hornet (D:9)
  Prince Ribbit (D:9)
  A wraith (D:11)
  16 yaks
  Eustachio (D:4)
  2 steam dragons (D:8)
  3 vampire mosquitoes (D:10)
  Menkaure (D:4)
  An acid dragon (D:9)
  4 water moccasins
  3 hell hounds (D:10)
  An orc warrior (D:9)
  An ice beast (D:5)
  A sky beast (D:8)
  4 ogres
  A black bear (D:10)
  4 centaurs
  2 phantoms
  8 kobold brigands
  2 gnoll sergeants (D:9)
  2 bullfrogs
  3 scorpions
  22 wights
  15 killer bees
  An electric eel (D:9)
  3 jellies
  4 orc priests
  Crazy Yiuf (D:7)
  2 hounds
  2 gnoll boudas (D:6)
  Ijyb (D:4)
  6 orc wizards
  2 iguanas
  A hell rat (Sewer)
  16 gnolls
  4 adders
  2 river rats (Sewer)
  2 shadow imps
  A white imp (D:7)
  A worm (D:2)
  5 dart slugs
  26 orcs
  10 ball pythons
  4 bats
  6 endoplasms
  6 giant cockroaches
  11 goblins
  4 hobgoblins
  3 jackals (D:2)
  42 kobolds
  5 quokkas
  3 frilled lizards
  4 rats
286 creatures vanquished.

Vanquished Creatures (collateral kills)
  A steam dragon (D:7)
1 creature vanquished.

Vanquished Creatures (others)
  An orc wizard (D:11)
  56 fungi
  48 plants
105 creatures vanquished.

Grand Total: 392 creatures vanquished

Notes
Turn   | Place    | Note
-------+----------+-------------------------------------------
     0 | D:1      | p00ps00p the Hill Orc Fighter began the quest for the Orb.
     0 | D:1      | Reached XP level 1. HP: 19/19 MP: 1/1
   156 | D:1      | Found a faded altar of an unknown god.
   167 | D:1      | Reached XP level 2. HP: 25/27 MP: 2/2
   215 | D:1      | Reached skill level 3 in Axes
   403 | D:1      | Found Peuxin's Assorted Antiques.
   491 | D:1      | Reached XP level 3. HP: 33/33 MP: 3/3
   883 | D:2      | Found Ukoemep's Jewellery Shop.
   902 | D:2      | Found Fafrin's Armour Shop.
   963 | D:2      | Found Zuisoned's Antique Weapon Shoppe.
  1217 | D:2      | Found Coibuk's Distillery.
  1522 | D:2      | Found Vungeth's Magic Scroll Boutique.
  1529 | D:2      | Bought a scroll of brand weapon for 133 gold pieces
  1771 | D:3      | Reached XP level 4. HP: 37/40 MP: 4/4
  1882 | D:3      | Found a glowing drain.
  1900 | D:3      | Noticed a phantom
  1902 | Sewer    | Entered a sewer
  1946 | Sewer    | Reached skill level 4 in Axes
  1986 | D:3      | Found an ancient bone altar of Kikubaaqudgha.
  2035 | D:3      | Found a bloodstained altar of Trog.
  2041 | D:3      | Killed a phantom
  2042 | D:3      | Reached XP level 5. HP: 47/47 MP: 5/5
  2198 | D:3      | Reached skill level 5 in Fighting
  2198 | D:3      | Reached XP level 6. HP: 30/56 MP: 6/6
  2331 | D:3      | Found a broken altar of Ashenzari.
  2672 | D:3      | Found Higrise's Book Shoppe.
  2811 | D:4      | Noticed Menkaure
  2817 | D:4      | Killed Menkaure
  2818 | D:4      | Reached skill level 5 in Axes
  2848 | D:4      | Found a staircase to the Ecumenical Temple.
  2871 | Temple   | Entered the Ecumenical Temple
  3041 | D:4      | Noticed Ijyb
  3058 | D:4      | Killed Ijyb
  3059 | D:4      | Reached skill level 5 in Armour
  3059 | D:4      | Reached skill level 5 in Shields
  3143 | D:4      | Reached XP level 7. HP: 62/62 MP: 7/7
  3603 | D:4      | Noticed Eustachio
  3613 | D:4      | Killed Eustachio
  4162 | D:5      | Entered Level 5 of the Dungeon
  4254 | D:5      | Found a white marble altar of Elyvilon.
  4388 | D:5      | Found a large runed translucent door.
  4388 | D:5      | Found a large runed translucent door.
  4407 | D:5      | Reached skill level 6 in Axes
  4561 | D:5      | Reached XP level 8. HP: 66/71 MP: 8/8
  4976 | D:5      | Found a shadowy altar of Dithmenos.
  4986 | D:5      | Found a shimmering blue altar of Sif Muna.
  5046 | D:6      | Found a stormy altar of Qazlal.
  5076 | D:6      | Found Gubofute's Armour Shoppe.
  5162 | D:6      | Found a snail-covered altar of Cheibriados.
  5192 | D:6      | Found Tiggaim's Vocational Training.
  5253 | D:6      | Found an opulent altar of Gozag.
  5267 | D:6      | Became a worshipper of Gozag Ym Sagoz the Greedy
  5349 | D:6      | Reached skill level 7 in Axes
  5370 | D:6      | Reached XP level 9. HP: 53/79 MP: 9/9
  5580 | D:6      | Found a glowing golden altar of the Shining One.
  5656 | D:6      | Found a shimmering altar of Xom.
  6610 | D:7      | Reached skill level 8 in Axes
  6858 | D:7      | Found a runed translucent door.
  6859 | D:7      | Noticed Crazy Yiuf
  7532 | D:7      | Killed Crazy Yiuf
  7705 | D:8      | Found a hide-covered altar of Uskayaw.
  7818 | D:8      | Found a sacrificial altar of Ru.
  7913 | D:8      | Reached skill level 9 in Axes
  8341 | D:8      | Reached XP level 10. HP: 43/91 MP: 10/10
  9031 | D:8      | Found Litun's Demolitions Depot.
  9391 | D:9      | Noticed Prince Ribbit
 10504 | D:9      | Killed Prince Ribbit
 10556 | D:9      | Found a staircase to the Orcish Mines.
 10590 | D:9      | Reached skill level 10 in Axes
 11019 | D:9      | Noticed a kobold demonologist
 11028 | D:9      | Killed a kobold demonologist
 11029 | D:9      | Reached skill level 10 in Fighting
 11333 | D:9      | Found a radiant altar of Vehumet.
 11973 | D:2      | Bought a +2 cloak of stealth for 279 gold pieces
 12030 | D:2      | Bought a scroll of identify for 28 gold pieces
 12030 | D:2      | Bought a scroll of enchant weapon for 105 gold pieces
 12030 | D:2      | Bought a scroll of magic mapping for 105 gold pieces
 12030 | D:2      | Bought a scroll of identify for 28 gold pieces
 12030 | D:2      | Bought a scroll of identify for 28 gold pieces
 12030 | D:2      | Bought a scroll of identify for 28 gold pieces
 12095 | D:1      | Bought a scroll of enchant weapon for 217 gold pieces
 12095 | D:1      | Bought a potion of curing for 87 gold pieces
 12095 | D:1      | Bought a clear potion for 26 gold pieces
 12095 | D:1      | Bought a smoky grey potion for 26 gold pieces
 12331 | D:10     | Entered Level 10 of the Dungeon
 12354 | D:10     | Reached skill level 11 in Axes
 12354 | D:10     | Reached XP level 11. HP: 68/101 MP: 11/11
 12630 | D:10     | Found a staircase to the Lair.
 12654 | D:10     | Reached skill level 10 in Shields
 12656 | D:10     | Reached skill level 10 in Armour
 12722 | D:10     | Found Iwikkept's Assorted Antiques.
 12775 | D:10     | Identified a scroll of acquirement
 12799 | D:10     | Acquired 716 gold pieces
 13758 | D:10     | Noticed a hell knight
 13761 | D:10     | Noticed a hell knight
 13762 | D:10     | Noticed a hell knight
 13762 | D:10     | Noticed a hell knight
 13766 | D:10     | Noticed a hell knight
 14492 | D:6      | Bought a +2 pair of gloves for 198 gold pieces
 14586 | D:2      | Bought a +1 pair of boots for 149 gold pieces
 14856 | D:11     | Reached skill level 12 in Axes
 14864 | D:11     | HP: 2/102 [yak (9)]
 15353 | D:11     | Noticed a two-headed ogre
 15360 | D:11     | Killed a two-headed ogre
 15427 | D:11     | Noticed a cyclops
 15436 | D:11     | Killed a cyclops
 15438 | D:11     | Noticed Josephine
 15458 | D:11     | Killed from afar by Josephine

Illustrated notes

Levels and vault maps discovered:
D:1:      lightli_arrival_farm, layout_basic,
          shapermc_ecumenical_altar_mp_vishouse, serial_shops, shop
D:2:      layout_basic, serial_shops, shop, shop, shop, shop_coins, shop
D:3:      layout_basic, lemuel_tele_altar, bloody_trog,
          mainiacjoe_overflow_paths, serial_shops, shop, portal_sewer_entry_f
D:4:      layout_layer_cave, temple_fountains, uniq_ijyb, uniq_menkaure,
          uniq_eustachio
D:5:      layout_loops_ring, elyvilon_altar_1, jmf_multi_god_temple2
D:6:      layout_basic, mainiacjoe_overflow_big_doors, cheibriados_altar_1,
          nicolae_qazlal_general_emergency, grunt_gozag_statues, serial_shops,
          nicolae_stop_n_shop_2, kennysheep_cluttered_room,
          nicolae_shop_vocational
D:7:      layout_loops_ring, serial_aquarium, aquarium_bridge_square
          [aquarium_subvault_wall, aquarium_subvault_window,
          aquarium_subvault_bridge, aquarium_subvault_bridge],
          aquarium_bridge_island_small [aquarium_subvault_small_open,
          aquarium_subvault_bridge, aquarium_subvault_wall,
          aquarium_subvault_bridge, aquarium_subvault_wall], aquarium_window_2,
          aquarium_window_1, aquarium_window_1, aquarium_view_2a,
          uniq_crazy_yiuf_cottage
D:8:      layout_loops_ring, kennysheep_mini_moat, mainiacjoe_overflow_chevrons,
          grunt_decor_resistance, nicolae_blasting_shop
D:9:      layout_cave_pools, nicolae_vehumet_altar_sigil, orc_0_dummy,
          enter_bailey_5, fountainhead, nicolae_concentric_dashed_squares_mild,
          moated_statue, uniq_prince_ribbit1
D:10:     layout_grid_maze, due_lair_maze_entry_diamond, serial_shops,
          nicolae_shop_overgrown_old_shop, kennysheep_nondescript,
          minmay_rotating_lava
D:11:     layout_loops_ring, uniq_josephine
Temple:   hellmonk_temple_flake

Skill      XL: |  1  2  3  4  5  6  7  8  9 10 11 |
---------------+----------------------------------+-----
Axes           | 3 4 5 6 7 9 11 12 | 12.4
Fighting       | 4 5 6 7 9 10 11 | 11.7
Shields        | 4 5 6 8 9 10 | 10.8
Armour         | 4 5 6 8 9 10 | 10.8

Action                   |  1- 3 |  4- 6 |  7- 9 | 10-12 || total
-------------------------+-------+-------+-------+-------++-------
Melee: War axe           |   110 |    88 |   204 |   225 ||   627
Evoke: Wand              |       |       |     3 |     5 ||     8
  Use: Scroll            |    13 |     4 |    11 |    13 ||    41
       Potion            |       |     1 |     4 |     5 ||    10
 Stab: Distracted        |       |       |       |     3 ||     3
Armor: Scale mail        |    49 |    41 |     1 |       ||    91
       Leather armour    |       |       |    55 |    76 ||   131
Dodge: Dodged            |    52 |    39 |    76 |   139 ||   306
Block: Buckler           |    20 |    14 |    39 |    69 ||   142

Table legend: (Time is in decaauts)
 A = Elapsed time spent in this place.
 B = Non-inter-level travel time spent in this place.
 C = Inter-level travel time spent in this place.
 D = Time resting spent in this place.
 E = Time spent auto-exploring this place.
 F = Levels seen in this place.
 G = Mean time per level.
                   A        B        C        D        E       F      G
               +--------+--------+--------+--------+--------+-----+--------+
         Total |  15601 |  14024 |   1577 |   3826 |   7910 |  13 | 1200.1 |
       Dungeon |  15353 |  13786 |   1567 |   3826 |   7716 |  11 | 1395.7 |
        Temple |    153 |    143 |     10 |      0 |    135 |   1 |  153.0 |
         Sewer |     94 |     94 |      0 |      0 |     58 |   1 |   94.0 |
               +--------+--------+--------+--------+--------+-----+--------+

Top non-repeatable levels by time:
     D:8: 3009 daAuts
    D:10: 2480 daAuts
     D:7: 1597 daAuts
     D:9: 1422 daAuts
     D:4: 1413 daAuts
     D:6: 1189 daAuts
     D:1: 1111 daAuts
     D:3: 1094 daAuts
     D:2: 922 daAuts
     D:5: 892 daAuts
    D:11: 221 daAuts
  Temple: 153 daAuts
   Sewer: 94 daAuts
